[ AOE2 MATCH · #475741369 ]
Team RMPersians vs Franks
[ REPLAY ANALYSIS · EXTRACTED FROM THE RECORDED GAME ]
Feudal
10:53
Castle
—
Imperial
—
| APM avg | 32.4 |
| APM peak | 105 |
| eAPM avg | 12.6 |
| Villagers / military | 41 / 16 |
Focus
⚔️ 16.9% · 🌾 83.1%
Spearman ×9 · Scout Cavalry ×7
Feudal
10:31
Castle
—
Imperial
—
| APM avg | 26.9 |
| APM peak | 63 |
| eAPM avg | 7.1 |
| Villagers / military | 27 / 16 |
Focus
⚔️ 25.4% · 🌾 74.6%
Spearman ×12 · Scout Cavalry ×4
Feudal
—
Castle
—
Imperial
—
| APM avg | 10.1 |
| APM peak | 25 |
| eAPM avg | 7.2 |
| Villagers / military | 39 / 1 |
Focus
⚔️ 15.1% · 🌾 84.9%
Spearman ×1
Feudal
13:04
Castle
—
Imperial
—
| APM avg | 8.8 |
| APM peak | 27 |
| eAPM avg | 6.7 |
| Villagers / military | 37 / 15 |
Focus
⚔️ 16.9% · 🌾 83.1%
Archer ×15
Match map
Initial resources + every placement click. Lines = walls · curves = elevation contours. ◆ gold · ⬟ stone · ● berries · ✦ relic · ◌ wall gap
Your base· Open — unwalled flank
GaryTheSnail's base· Open — unwalled flank
CHILEPALESTA's base· Open — unwalled flank
MrAlwaysWins's base· Open — unwalled flank
Smoothed initial terrain · ◌ = detected wall gap · hover for details
Inputs per minute
— leehunt85 - - GaryTheSnail
Build order — leehunt85
98 actions detected in the replay
| 0:09 | Build | House |
| 0:11 | Create | Villager (Male) |
| 0:11 | Create | Villager (Male) |
| 0:11 | Create | Villager (Male) |
| 0:12 | Create | Villager (Male) |
| 0:12 | Create | Villager (Male) |
| 0:38 | Build | House |
| 0:46 | Build | House |
| 0:50 | Build | House |
| 0:56 | Build | House |
| 1:30 | Research | Loom |
| 1:34 | Create | Villager (Male) |
| 2:14 | Create | Villager (Male) |
| 2:33 | Build | Mill |
| 2:44 | Create | Villager (Male) |
| 3:07 | Create | Villager (Male) |
| 3:28 | Create | Villager (Male) |
| 3:44 | Create | Villager (Male) |
| 4:15 | Create | Villager (Male) |
| 4:15 | Create | Villager (Male) |
| 4:29 | Create | Villager (Male) |
| 5:50 | Create | Villager (Male) |
| 5:51 | Create | Villager (Male) |
| 5:54 | Create | Villager (Male) |
| 5:57 | Create | Villager (Male) |
| 6:43 | Build | Lumber Camp |
| 7:42 | Create | Villager (Male) |
| 7:42 | Create | Villager (Male) |
| 8:12 | Build | Farm |
| 8:20 | Build | Barracks |
| 8:29 | Create | Villager (Male) |
| 8:29 | Create | Villager (Male) |
| 8:30 | Create | Villager (Male) |
| 8:30 | Create | Villager (Male) |
| 8:50 | Research | Feudal Age |
| 9:02 | Create | Villager (Male) |
| 9:10 | Create | Villager (Male) |
| 9:11 | Create | Villager (Male) |
| 9:11 | Create | Villager (Male) |
| 9:21 | Build | Farm |
| 9:30 | Build | Farm |
| 9:35 | Build | Farm |
| 9:44 | Build | Farm |
| 9:51 | Create | Villager (Male) |
| 9:52 | Create | Villager (Male) |
| 10:16 | Build | Mining Camp |
| 10:32 | Create | Villager (Male) |
| 10:33 | Create | Villager (Male) |
| 10:33 | Create | Villager (Male) |
| 10:43 | Create | Villager (Male) |
| 10:53 | Age | Feudal Age |
| 11:03 | Create | Villager (Male) |
| 11:32 | Build | Mining Camp |
| 11:44 | Build | Market |
| 11:51 | Research | Horse Collar |
| 12:10 | Create | Villager (Male) |
| 12:11 | Create | Villager (Male) |
| 12:11 | Create | Villager (Male) |
| 12:35 | Create | Villager (Male) |
| 12:44 | Build | House |
| 12:48 | Build | House |
| 12:54 | Build | House |
| 13:00 | Build | House |
| 13:04 | Build | House |
| 13:19 | Research | Double-Bit Axe |
| 13:35 | Create | Spearman |
| 13:36 | Create | Spearman |
| 13:40 | Create | Spearman |
| 14:01 | Build | Farm |
| 14:30 | Build | Farm |
| 14:49 | Build | Blacksmith |
| 15:01 | Build | Farm |
| 15:09 | Build | Farm |
| 15:25 | Build | House |
| 15:33 | Create | Villager (Male) |
| 15:33 | Create | Villager (Male) |
| 16:16 | Build | House |
| 16:25 | Build | Archery Range |
| 16:29 | Build | Stable |
| 17:11 | Create | Scout Cavalry |
| 17:11 | Create | Scout Cavalry |
| 17:11 | Create | Scout Cavalry |
| 17:11 | Create | Scout Cavalry |
| 17:12 | Create | Scout Cavalry |
| 17:12 | Create | Scout Cavalry |
| 17:12 | Create | Scout Cavalry |
| 17:39 | Create | Spearman |
| 17:40 | Create | Spearman |
| 17:41 | Create | Spearman |
| 17:41 | Create | Spearman |
| 18:13 | Create | Spearman |
| 18:14 | Create | Spearman |
| 18:27 | Build | Farm |
| 18:32 | Build | Farm |
| 18:48 | Build | Farm |
| 18:52 | Build | Farm |
| 20:38 | Research | Loom |
| 21:42 | Research | Castle Age |
Build order — GaryTheSnail
74 actions detected in the replay
| 0:04 | Build | House |
| 0:06 | Build | House |
| 0:14 | Create | Villager (Male) |
| 0:15 | Create | Villager (Male) |
| 0:15 | Create | Villager (Male) |
| 0:15 | Create | Villager (Male) |
| 1:52 | Create | Villager (Male) |
| 2:08 | Build | Lumber Camp |
| 2:34 | Create | Villager (Male) |
| 2:34 | Create | Villager (Male) |
| 3:57 | Create | Villager (Male) |
| 3:58 | Create | Villager (Male) |
| 3:58 | Create | Villager (Male) |
| 4:40 | Build | House |
| 4:56 | Build | Mill |
| 5:41 | Create | Villager (Male) |
| 5:52 | Build | House |
| 6:07 | Create | Villager (Male) |
| 6:31 | Create | Villager (Male) |
| 6:57 | Create | Villager (Male) |
| 7:35 | Create | Villager (Male) |
| 8:13 | Build | Palisade Wall |
| 8:21 | Research | Feudal Age |
| 8:22 | Research | Loom |
| 8:23 | Create | Villager (Male) |
| 10:31 | Age | Feudal Age |
| 10:31 | Build | Palisade Wall |
| 10:37 | Create | Villager (Male) |
| 10:38 | Create | Villager (Male) |
| 10:38 | Create | Villager (Male) |
| 10:44 | Research | Double-Bit Axe |
| 10:55 | Build | Farm |
| 11:00 | Build | Farm |
| 11:46 | Build | Palisade Wall |
| 12:24 | Build | Mining Camp |
| 12:31 | Build | Farm |
| 12:36 | Build | Farm |
| 12:47 | Create | Villager (Male) |
| 12:48 | Create | Villager (Male) |
| 12:48 | Create | Villager (Male) |
| 12:52 | Research | Wheelbarrow |
| 12:53 | Create | Villager (Male) |
| 12:54 | Create | Villager (Male) |
| 12:55 | Create | Villager (Male) |
| 12:56 | Create | Villager (Male) |
| 13:00 | Build | House |
| 13:06 | Build | House |
| 13:26 | Build | Stone Wall |
| 14:16 | Build | Farm |
| 14:36 | Build | Farm |
| 15:05 | Build | Barracks |
| 15:33 | Build | Stone Wall |
| 15:55 | Build | Market |
| 16:04 | Create | Villager (Male) |
| 16:33 | Build | Farm |
| 16:56 | Build | Mining Camp |
| 17:03 | Create | Spearman |
| 17:03 | Create | Spearman |
| 17:35 | Create | Spearman |
| 17:36 | Create | Spearman |
| 18:49 | Create | Spearman |
| 18:49 | Create | Spearman |
| 19:21 | Create | Spearman |
| 19:22 | Create | Spearman |
| 19:47 | Create | Spearman |
| 19:58 | Create | Spearman |
| 20:27 | Build | Stable |
| 20:41 | Build | Archery Range |
| 21:06 | Create | Spearman |
| 21:09 | Create | Scout Cavalry |
| 21:09 | Create | Scout Cavalry |
| 21:09 | Create | Scout Cavalry |
| 21:10 | Create | Scout Cavalry |
| 21:21 | Create | Spearman |
Build order — CHILEPALESTA
92 actions detected in the replay
| 0:02 | Create | Villager (Male) |
| 0:03 | Create | Villager (Male) |
| 0:06 | Build | House |
| 0:17 | Create | Villager (Male) |
| 0:17 | Create | Villager (Male) |
| 0:18 | Create | Villager (Male) |
| 0:18 | Create | Villager (Male) |
| 0:18 | Create | Villager (Male) |
| 0:31 | Build | House |
| 0:33 | Build | House |
| 0:37 | Build | House |
| 2:07 | Create | Villager (Male) |
| 2:07 | Create | Villager (Male) |
| 2:07 | Create | Villager (Male) |
| 3:18 | Create | Villager (Male) |
| 3:19 | Create | Villager (Male) |
| 3:19 | Create | Villager (Male) |
| 3:48 | Build | Mill |
| 3:54 | Create | Villager (Male) |
| 3:54 | Create | Villager (Male) |
| 3:55 | Create | Villager (Male) |
| 4:08 | Build | Lumber Camp |
| 4:20 | Research | Loom |
| 5:08 | Create | Villager (Male) |
| 5:17 | Create | Villager (Male) |
| 5:59 | Build | House |
| 6:04 | Create | Villager (Male) |
| 6:05 | Create | Villager (Male) |
| 6:05 | Create | Villager (Male) |
| 6:56 | Create | Villager (Male) |
| 6:56 | Create | Villager (Male) |
| 6:56 | Create | Villager (Male) |
| 6:56 | Create | Villager (Male) |
| 7:20 | Create | Villager (Male) |
| 8:44 | Create | Villager (Male) |
| 8:44 | Create | Villager (Male) |
| 9:13 | Create | Villager (Male) |
| 9:13 | Create | Villager (Male) |
| 9:44 | Research | Feudal Age |
| 9:58 | Build | Mining Camp |
| 10:42 | Build | House |
| 10:46 | Build | Palisade Wall |
| 10:51 | Build | House |
| 10:56 | Build | Palisade Gate |
| 11:01 | Build | House |
| 11:29 | Create | Villager (Male) |
| 11:30 | Create | Villager (Male) |
| 11:48 | Build | Barracks |
| 11:53 | Build | Palisade Wall |
| 12:11 | Research | Stone Mining |
| 12:19 | Research | Horse Collar |
| 12:35 | Build | Farm |
| 12:39 | Build | Farm |
| 12:43 | Build | Farm |
| 12:45 | Build | Farm |
| 12:49 | Build | Watch Tower |
| 12:56 | Build | Watch Tower |
| 13:19 | Build | Blacksmith |
| 13:25 | Build | Gate |
| 13:32 | Build | Palisade Wall |
| 13:40 | Create | Spearman |
| 14:01 | Build | Farm |
| 14:17 | Create | Villager (Male) |
| 14:58 | Build | Mining Camp |
| 15:02 | Build | House |
| 15:11 | Build | House |
| 15:26 | Build | Farm |
| 15:29 | Create | Villager (Male) |
| 15:29 | Create | Villager (Male) |
| 15:42 | Build | Gate |
| 15:49 | Build | Palisade Wall |
| 16:00 | Build | Watch Tower |
| 16:04 | Build | Farm |
| 16:11 | Build | Gate |
| 16:22 | Build | Palisade Wall |
| 16:26 | Create | Villager (Male) |
| 16:26 | Create | Villager (Male) |
| 16:29 | Build | Farm |
| 16:56 | Build | Farm |
| 17:11 | Research | Double-Bit Axe |
| 17:22 | Build | Watch Tower |
| 17:55 | Research | Gold Mining |
| 18:08 | Build | Watch Tower |
| 18:20 | Build | Farm |
| 18:22 | Build | Farm |
| 18:40 | Build | Watch Tower |
| 18:44 | Build | House |
| 19:12 | Build | Gate |
| 19:39 | Build | Market |
| 19:55 | Create | Villager (Male) |
| 19:55 | Create | Villager (Male) |
| 21:22 | Build | House |
Build order — MrAlwaysWins
95 actions detected in the replay
| 0:03 | Create | Villager (Male) |
| 0:03 | Create | Villager (Male) |
| 0:04 | Create | Villager (Male) |
| 0:04 | Create | Villager (Male) |
| 0:04 | Create | Villager (Male) |
| 0:11 | Build | House |
| 0:13 | Build | House |
| 0:15 | Build | House |
| 0:16 | Build | House |
| 1:35 | Create | Villager (Male) |
| 1:35 | Create | Villager (Male) |
| 2:15 | Research | Loom |
| 2:18 | Create | Villager (Male) |
| 2:18 | Create | Villager (Male) |
| 2:34 | Build | Lumber Camp |
| 2:46 | Create | Villager (Male) |
| 2:46 | Create | Villager (Male) |
| 3:32 | Create | Villager (Male) |
| 3:32 | Create | Villager (Male) |
| 3:33 | Create | Villager (Male) |
| 3:56 | Create | Villager (Male) |
| 3:56 | Create | Villager (Male) |
| 4:35 | Create | Villager (Male) |
| 4:35 | Create | Villager (Male) |
| 4:38 | Create | Villager (Male) |
| 4:38 | Create | Villager (Male) |
| 5:12 | Create | Villager (Male) |
| 5:12 | Create | Villager (Male) |
| 5:30 | Create | Villager (Male) |
| 5:30 | Create | Villager (Male) |
| 6:02 | Create | Villager (Male) |
| 6:02 | Create | Villager (Male) |
| 6:02 | Create | Villager (Male) |
| 6:19 | Create | Villager (Male) |
| 6:19 | Create | Villager (Male) |
| 6:20 | Create | Villager (Male) |
| 6:52 | Build | Mill |
| 9:04 | Create | Villager (Male) |
| 9:04 | Create | Villager (Male) |
| 9:04 | Create | Villager (Male) |
| 9:04 | Create | Villager (Male) |
| 10:29 | Build | Mining Camp |
| 10:54 | Research | Feudal Age |
| 10:55 | Research | Feudal Age |
| 11:19 | Build | House |
| 11:21 | Build | House |
| 11:23 | Build | House |
| 11:37 | Build | Barracks |
| 11:55 | Build | Barracks |
| 13:04 | Age | Feudal Age |
| 13:09 | Build | Archery Range |
| 13:13 | Build | Archery Range |
| 13:22 | Build | Blacksmith |
| 13:32 | Create | Villager (Male) |
| 13:32 | Create | Villager (Male) |
| 13:33 | Create | Villager (Male) |
| 13:51 | Create | Archer |
| 13:52 | Create | Archer |
| 14:12 | Research | Fletching |
| 14:13 | Research | Padded Archer Armor |
| 14:17 | Create | Archer |
| 14:17 | Create | Archer |
| 14:22 | Create | Archer |
| 14:26 | Create | Archer |
| 15:13 | Create | Archer |
| 15:13 | Create | Archer |
| 15:17 | Create | Archer |
| 15:17 | Create | Archer |
| 15:18 | Create | Archer |
| 15:46 | Create | Archer |
| 15:49 | Create | Archer |
| 15:53 | Create | Archer |
| 16:05 | Create | Archer |
| 20:01 | Build | Farm |
| 20:01 | Build | Farm |
| 20:01 | Build | Farm |
| 20:01 | Build | Farm |
| 20:02 | Build | Farm |
| 20:02 | Build | Farm |
| 20:02 | Build | Farm |
| 20:02 | Build | Farm |
| 20:03 | Build | Farm |
| 20:03 | Build | Farm |
| 20:03 | Build | Farm |
| 20:03 | Build | Farm |
| 20:04 | Build | Farm |
| 20:04 | Build | Farm |
| 20:04 | Build | Farm |
| 20:04 | Build | Farm |
| 20:05 | Build | Farm |
| 20:05 | Build | Farm |
| 20:05 | Build | Farm |
| 20:05 | Build | Farm |
| 20:06 | Build | Farm |
| 20:06 | Build | Farm |
Match timeline
| 8:13 | GaryTheSnail · wall_segment Palisade Wall x11 |
| 8:20 | leehunt85 · first_building Barracks |
| 10:31 | GaryTheSnail · age_up feudal |
| 10:31 | GaryTheSnail · wall_segment Palisade Wall x7 |
| 10:46 | CHILEPALESTA · wall_segment Palisade Wall x6 |
| 10:53 | leehunt85 · age_up feudal |
| 11:37 | MrAlwaysWins · first_building Barracks |
| 11:46 | GaryTheSnail · wall_segment Palisade Wall x9 |
| 11:48 | CHILEPALESTA · first_building Barracks |
| 11:53 | CHILEPALESTA · wall_segment Palisade Wall x10 |
| 13:04 | MrAlwaysWins · age_up feudal |
| 13:09 | MrAlwaysWins · first_building Archery Range |
| 13:26 | GaryTheSnail · wall_segment Stone Wall x17 |
| 13:32 | CHILEPALESTA · wall_segment Palisade Wall x6 |
| 15:05 | GaryTheSnail · first_building Barracks |
| 15:33 | GaryTheSnail · wall_segment Stone Wall x37 |
| 15:49 | CHILEPALESTA · wall_segment Palisade Wall x13 |
| 16:22 | CHILEPALESTA · wall_segment Palisade Wall x17 |
| 16:25 | leehunt85 · first_building Archery Range |
| 16:29 | leehunt85 · first_building Stable |
| 20:27 | GaryTheSnail · first_building Stable |
| 20:41 | GaryTheSnail · first_building Archery Range |
| 20:44 | leehunt85 · first_market_buy 100 food |
| 22:08 | CHILEPALESTA · resign |
[ AI ANALYSIS · 1 CREDIT ]
What really happened in this match?
Wolo.gg analyzes every decision: build order, eco, micro, common mistakes by bracket. Personalized analysis on WhatsApp or Discord in 30 seconds.
Civ guide
Persians
Map guide
Arabia
Perfil
leehunt85